cohdb
Replays
Latest Replays
All Replays
Popular Replays
Top Player Replays
Match Explorer
How It Works
Community
CoH3 Stats
Reddit
Sign in to upload your games and track your stats! →
Sign in with Steam
Match 41517211
Unlisted
Match 41517211
Overview
Messages
Build Orders
End
Panzergrenadier Squad
250 Light Carrier
Panzergrenadier Squad
Construct Light Support Kompanie
Combat Half-tracks
2.5-tonne Medical Truck
Fire Support Elements
Selects Italian Infantry
Selects Guastatori Squad
Guastatori Squad
Veteran Squad Leaders
Vehicle Survival Package
Construct Panzerarmee Kommand
Pak 38 Mechanized Group
Emergency Repair Kits
Selects Registered Artillery
Registered Artillery
Selects Defensive Operations
Selects Prepared Positions
Panzer III L Medium Tank
Pak 38 Mechanized Group
Rapid Advance
我真的不是驴
THE one-冰封夕阳
majintal excumuration
WuTFaCe
CptLink( jimmy)
ShoulderGuy
Pinhead Larry
MathiasCZR01
0
0
Comments
sign in to comment!
No comments posted yet!